 Dungeon Crawl Stone Soup version 0.31.0-1-g2c135a0 (webtiles) character file.

Game seed: 13910215575486600943

455 ChiliFlavouring the Ruffian (level 6, -3/51 HPs)
             Began as a Draconian Shapeshifter on Jan 28, 2024.
             Slain by a scorpion (5 damage)
             ... on level 4 of the Dungeon.
             The game lasted 00:21:15 (3689 turns).

ChiliFlavouring the Ruffian (DrSh)                  Turns: 3689, Time: 00:21:15

Health: -3/51      AC:  6    Str: 23    XL:     6   Next: 76%
Magic:  6/6        EV: 12    Int: 10    God:
Gold:   204        SH:  0    Dex: 12    Spells: 5/5 levels left

rFire   . .          .
                       - Unarmed
rCold   . . .        (no shield)
rNeg    . . .        (body armour unavailable)
rPois   .            (helmet currently unavailable)
rElec   .            (cloak currently unavailable)
rCorr   .            (gloves currently unavailable)
SInv    .            (boots currently unavailable)
Will    .....        (no amulet)
Stlth   ++           j - +6 ring of strength
HPRegen 0.28/turn    (no ring)
MPRegen 0.10/turn

%: no passive effects
@: brilliant, lethally poisoned (-3 -> -7), beast-form
A: beast (slay +2), AC +6, unfitting armour, cold-blooded
a: Begin Untransformation


You were on level 4 of the Dungeon.
You were a hulking beast.
You visited 1 branch of the dungeon, and saw 4 of its levels.

You collected 204 gold pieces.

Inventory:

Hand Weapons
 p - the +4 hammer "Pendulum" {protect, Str+2 Dex+4}
   (You found it on level 3 of the Dungeon)

   Str+2:     It affects your strength (+2).
   Dex+4:     It affects your dexterity (+4).
 q - a +4 quarterstaff of chaos
Armour
 r - a +2 cloak
Jewellery
 j - a +6 ring of strength (left hand)
Talismans
 b - a beast talisman (active)
 c - a flux talisman
Scrolls
 d - 5 scrolls of identify {unknown}
 e - 2 scrolls of revelation {unknown}
 g - a scroll of acquirement {unknown}
 i - a scroll of summoning {unknown}
 m - 2 scrolls of silence {unknown}
 u - a scroll of teleportation {unknown}
Potions
 a - a potion of lignification
 f - a potion of berserk rage {unknown}
 h - a potion of brilliance
 k - 2 potions of curing {unknown}
 l - a potion of heal wounds {unknown}
 n - a potion of cancellation {unknown}
 o - a potion of degeneration {unknown}
 s - a potion of might {unknown}
 t - a potion of haste {unknown}


   Skills:
 * Level 3.4 Fighting
 + Level 2.5 Dodging
 - Level 1.0 Stealth
 + Level 5.4 Unarmed Combat
 * Level 4.4 Shapeshifting


You had 5 spell levels left.
You didn't know any spells.
Your spell library contained the following spells:

 Spells                   Type           Power      Damage    Failure   Level
 Sting                    Conj/Alch      0%         1d3       36%         1
 Mercury Vapours          Alch/Air       0%         N/A       50%         2
 Olgreb's Toxic Radiance  Alch           0%         N/A       98%         4
 Chain Lightning          Conj/Air       0%         N/A       100%        9
 Fire Storm               Conj/Fire      0%         5d1       100%        9
 Shatter                  Erth           0%         3d5*      100%        9


Dungeon Overview and Level Annotations

Branches:
Dungeon (4/15)
 Temple: D:4-7

Altars:


Innate Abilities, Weirdness & Mutations

You are a hulking beast.
Your limbs bulge with bestial killing power. (Slay +2)
Your plain brown scales are hard. (AC +6)
You cannot fit into any form of body armour.
You are cold-blooded and may be slowed by cold attacks.


Message History

You hit the ball python.
You kill the ball python!
The adder bites you.
* * * LOW HITPOINT WARNING * * *
The jackal bites you but does no damage.
You closely miss the jackal. The adder bites you but does no damage.
The jackal bites you but does no damage.
The adder bites you but does no damage.
You closely miss the jackal.
The jackal bites you but does no damage.
The adder bites you.
* * * LOW HITPOINT WARNING * * *
You punch the jackal!
You kill the jackal!
The adder bites you.
* * * LOW HITPOINT WARNING * * *
You hit the scorpion but do no damage.
The scorpion is almost dead.
The adder bites you but does no damage.
The scorpion stings you but does no damage.
You hit the scorpion but do no damage.
The scorpion is almost dead.
The adder barely misses you. The scorpion barely misses you.
You completely miss the scorpion.
Your tail-slap misses the scorpion.
The scorpion is almost dead.
The adder closely misses you. The scorpion stings you.
* * * LOW HITPOINT WARNING * * *
You are lethally poisoned!
The scorpion poisons you!
You hit the scorpion but do no damage.
The scorpion is almost dead.
* * * LOW HITPOINT WARNING * * *
You feel sick. The adder bites you but does no damage.
The scorpion closely misses you. The adder bites you but does no damage.
You hit the scorpion.
You tail-slap the scorpion, but do no damage.
The scorpion is almost dead.
* * * LOW HITPOINT WARNING * * *
You feel sick. The scorpion stings you.
You die...

##### #.#h# ###### #.sS#
#..... #.#.# #.#### #.#.#
#.# #.#.# #.# #.#?# #.#
#h#.# #.# ##.#+## #.#
########.....##########.####


You could see a scorpion and an adder.

Vanquished Creatures
  A phantom (D:4)
  Crazy Yiuf (D:3)
  A hound (D:4)
  A jelly (D:3)
  An orc priest (D:3)
  A sleepcap (D:4)
  Natasha (thrice) (D:3)
  5 adders
  4 gnolls (D:2)
  A dart slug (D:4)
  2 orcs (D:3)
  7 ball pythons
  5 endoplasms
  7 giant cockroaches
  7 goblins
  10 hobgoblins
  5 jackals
  3 kobolds
  2 quokkas
  7 bats
  9 frilled lizards
83 creatures vanquished.

Notes
Turn   | Place    | Note
-------+----------+-------------------------------------------
     0 | D:1      | ChiliFlavouring the Draconian Shapeshifter began the quest
                  | for the Orb.
     0 | D:1      | Reached XP level 1. HP: 16/16 MP: 1/1
   133 | D:1      | Reached XP level 2. HP: 10/23 MP: 2/2
   641 | D:1      | Reached XP level 3. HP: 27/28 MP: 3/3
  1227 | D:2      | Reached XP level 4. HP: 17/36 MP: 4/4
  1328 | D:2      | Reached skill level 4 in Unarmed Combat
  1455 | D:2      | Found a faded altar of an unknown god.
  1947 | D:3      | Found a runed translucent door.
  1948 | D:3      | Noticed Crazy Yiuf
  2041 | D:3      | Reached XP level 5. HP: 20/42 MP: 5/5
  2186 | D:3      | Killed Crazy Yiuf
  2192 | D:3      | Identified the +4 hammer "Pendulum" {protect, Str+2 Dex+4}
  2316 | D:3      | Noticed Natasha
  2332 | D:3      | Killed Natasha
  2628 | D:3      | Reached skill level 1 in Stealth
  2628 | D:3      | Reached XP level 6. HP: 50/50 MP: 6/6
  2714 | D:3      | Noticed Natasha
  2718 | D:3      | Killed Natasha
  3051 | D:3      | Noticed Natasha
  3056 | D:3      | Killed Natasha
  3057 | D:3      | Reached skill level 5 in Unarmed Combat
  3689 | D:4      | HP: 2/51 [poisoned by a scorpion]
  3689 | D:4      | Slain by a scorpion

Illustrated notes

Levels and vault maps discovered:
D:1:      amcnicky_arrival_choice, layout_basic, hex_medium,
          hangedman_decor_opposing
D:2:      layout_rooms, dreamdust_ecumenical_altar_angels_and_demons,
          minmay_split_cup_small
D:3:      layout_loops_ring, uniq_crazy_yiuf_cottage, uniq_natasha
D:4:      layout_basic

Skill      XL: |  1  2  3  4  5  6 |
---------------+-------------------+-----
Dodging        | 2 |  2.5
Fighting       | 2 3 |  3.4
Unarmed Combat | 4 5 |  5.4
Shapeshifting  | 4 |  4.4
Stealth        | 1 |  1.0

Action                     |  1- 3 |  4- 6 || total
---------------------------+-------+-------++-------
  Melee: Unarmed           |   102 |   137 ||   239
         Tailslap          |    12 |    15 ||    27
         Punch             |     2 |     3 ||     5
    Use: Potion            |       |     1 ||     1
   Stab: Sleeping          |     1 |     4 ||     5
 Armour: Skin              |    38 |    75 ||   113
  Dodge: Dodged            |    63 |    72 ||   135
   Form: Beast             |     3 |       ||     3
         Flux              |     2 |       ||     2
                           |     1 |       ||     1
